 Dungeon Crawl Stone Soup version 0.27.1-4-g1640c2035a (webtiles) character file.

Game seed: 14417386155954139178

5113 Gabide the Cruncher (level 10, 0/77 HPs)
             Began as a Human Artificer on Nov 5, 2021.
             Was an Initiate of Ashenzari.
             Succumbed to a green ugly thing's poison
             ... on level 8 of the Dungeon.
             The game lasted 00:18:38 (12854 turns).

Gabide the Cruncher (Human Artificer)              Turns: 12854, Time: 00:18:38

Health: 0/77       AC:  5    Str: 13    XL:     10   Next: 88%
Magic:  10/10      EV: 17    Int: 15    God:    Ashenzari [......]
Gold:   247        SH:  0    Dex: 22    Spells: 9/9 levels left

rFire    . . .     SeeInvis .   o - +2 lajatang (vamp)
rCold    . . .     Faith    .   (shield currently unavailable)
rNeg     + . .     Spirit   .   h - +1 robe "Esoteric Elitism" {Fly Int+3, Elem, Melee} (curse)
rPois    .         Reflect  .   k - +1 helmet
rElec    .         Harm     .   (no cloak)
rCorr    .         Rampage  .   (no gloves)
Will     .....                  (no boots)
Stlth    ++........             (no amulet)
HPRegen  0.22/turn              a - ring of positive energy
MPRegen  0.12/turn              i - +6 ring of dexterity

@: lethally poisoned (0 -> -12), flying
A: no striking features
a: Renounce Religion, Curse Item, Shatter the Chains


You were on level 8 of the Dungeon.
You worshipped Ashenzari.
Ashenzari was noncommittal.
You visited 2 branches of the dungeon, and saw 9 of its levels.

You collected 247 gold pieces.

Inventory:

Hand Weapons
 o - a +2 vampiric lajatang (weapon)
Missiles
 l - 2 throwing nets
Armour
 h - the cursed +1 robe "Esoteric Elitism" (worn) {Fly Int+3, Elem, Melee}
   (You found it on level 4 of the Dungeon)

   Int:       It affects your intelligence (+3).
   Fly:       It grants you flight.
   It has a curse which improves the following skills: Elements: Fire Magic, Ice
   Magic, Air Magic and Earth Magic.
   Melee Combat: Short Blades, Long Blades, Axes, Maces & Flails, Polearms,
   Staves and Unarmed Combat.
 k - a +1 helmet (worn)
Jewellery
 a - a ring of positive energy (left hand)
 c - a ring of see invisible
 i - a +6 ring of dexterity (right hand)
Wands
 d - a wand of charming (2)
 n - a wand of acid (5)
 r - a wand of flame (26)
Scrolls
 b - 2 scrolls of amnesia
 f - 3 scrolls of teleportation
 g - 2 scrolls of torment
 j - a scroll of fog
Potions
 m - a potion of mutation
 p - a potion of might
 q - a potion of brilliance
Miscellaneous
 e - a piece from Xom's chessboard (14/15) (quivered)


   Skills:
 + Level 6.7 Fighting
 * Level 10.3(10.8) Staves
 - Level 2.0 Armour
 * Level 7.0 Dodging
 - Level 1.0 Stealth
 * Level 6.5 Evocations


You had 9 spell levels left.
You didn't know any spells.
Your spell library contained the following spells:

 Spells                   Type           Power      Damage    Failure   Level
 Animate Skeleton         Necr           0%         N/A       26%         1
 Apportation              Tloc           0%         N/A       26%         1
 Beastly Appendage        Tmut           0%         N/A       26%         1
 Corona                   Hex            0%         N/A       26%         1
 Foxfire                  Conj/Fire      0%         2x1d4     26%         1
 Summon Small Mammal      Summ           0%         N/A       26%         1
 Wereblood                Tmut           0%         N/A       38%         2
 Conjure Flame            Conj/Fire      0%         6-21      63%         3
 Gell's Gravitas          Tloc           0%         N/A       63%         3
 Inner Flame              Hex/Fire       0%         N/A       63%         3
 Spider Form              Tmut/Pois      0%         N/A       63%         3
 Teleport Other           Tloc           0%         N/A       63%         3
 Dispersal                Tloc           0%         N/A       100%        6
 Chain Lightning          Conj/Air       0%         N/A       100%        9
 Fire Storm               Conj/Fire      0%         5d1       100%        9


Dungeon Overview and Level Annotations

Branches:
Dungeon (8/15)             Temple (1/1) D:5            Lair (0/6) D:8

Altars:
Ashenzari
Cheibriados
Dithmenos
Elyvilon
Fedhas
Gozag
Hepliaklqana
Kikubaaqudgha
Nemelex Xobeh
Okawaru
Qazlal
Sif Muna
Trog
Uskayaw
Vehumet
Wu Jian
Xom
Yredelemnul
Zin
The Shining One

Shops:
D:1 !   D:6 :


Message History

The green ugly thing is severely wounded.
You feel extremely sick. The green ugly thing misses you.
You slash the green ugly thing!
You feel better.
The green ugly thing is almost dead.
You feel extremely sick.
The green ugly thing punches you but does no damage.
You barely miss the green ugly thing.
The green ugly thing is almost dead.
You feel extremely sick.
You are too injured to fight recklessly!
Okay, then.
Okay, then.
Aiming: Corrosive Bolt
Press: ? - help, Shift-Dir - straight line, f - green ugly thing
Aim: a green ugly thing (almost dead, 74% to hit)
The bolt of acid hits the green ugly thing!!
The green ugly thing is splashed with acid.
The acid corrodes the green ugly thing!
You kill the green ugly thing!
* * * LOW HITPOINT WARNING * * *
You feel extremely sick.
Your Dodging skill increases to level 7!
There is a lethal amount of poison in your body!
You are too injured to fight recklessly!
Okay, then.
Okay, then.
Okay, then.
As you read the scroll of teleportation, it crumbles to dust.
You feel strangely unstable.
* * * LOW HITPOINT WARNING * * *
You feel extremely sick.
* * * LOW HITPOINT WARNING * * *
You feel very sick.
* * * LOW HITPOINT WARNING * * *
You feel very sick.
Your surroundings suddenly seem different.
* * * LOW HITPOINT WARNING * * *
You feel very sick.
You die...

#.##.........# #...
#.##[.....)..######..
#.##.................
#.##.................
#.##.................
#....................
#################.........
#...............#.........
#.#######@......#.........
#.#.............######....
#.#.#####..........###....
#.#.#..............#......
#.#.#.#.<......>...#......
#.#.#.###.....######.....#
#.#.#......$..######.....#
#.#.##.<.....###..........
#.#..........# #.###......


There were no monsters in sight!

Vanquished Creatures
  A two-headed ogre (D:8)
  An ugly thing (D:8)
  Prince Ribbit (D:8)
  A yak (D:4)
  Sigmund (D:6)
  2 wyverns (D:8)
  3 steam dragons (D:8)
  Edmund (D:6)
  3 water moccasins
  A black bear (D:5)
  2 orc warriors
  3 sky beasts
  2 necrophages
  A centaur (D:8)
  A phantom (D:5)
  3 bullfrogs (D:8)
  2 kobold brigands
  2 wyvern zombies (D:7)
  A gnoll sergeant (D:8)
  A scorpion (D:4)
  A water moccasin skeleton (D:5)
  6 killer bees (D:8)
  2 centaur zombies
  A centaur skeleton (D:6)
  An orc priest (D:7)
  4 hounds
  A bullfrog skeleton (D:6)
  A scorpion zombie (D:5)
  2 orc wizards (D:7)
  A hound skeleton (D:4)
  A howler monkey zombie (D:8)
  A howler monkey skeleton (D:6)
  3 adders (D:4)
  A shadow imp (D:6)
  A white imp (D:5)
  4 ufetubi
  3 worms
  2 dart slugs
  14 orcs
  5 ball pythons
  4 endoplasms
  2 goblins
  8 hobgoblins
  9 quokkas
  3 bats
  4 frilled lizards
  20 kobolds
  A quokka skeleton (D:4)
  2 rats
141 creatures vanquished.

Vanquished Creatures (collateral kills)
  2 yaks (D:4)
  A goblin (D:4)
3 creatures vanquished.

Vanquished Creatures (others)
  3 yaks (D:4)
  An adder (D:4)
  An orc (D:8)
  10 plants (D:5)
15 creatures vanquished.

Grand Total: 159 creatures vanquished

Notes
Turn   | Place    | Note
-------+----------+-------------------------------------------
     0 | D:1      | Gabide the Human Artificer began the quest for the Orb.
     0 | D:1      | Reached XP level 1. HP: 15/15 MP: 1/1
    50 | D:1      | Found Oppabb's Distillery.
   262 | D:1      | Reached XP level 2. HP: 17/21 MP: 2/2
  1236 | D:2      | Reached XP level 3. HP: 22/26 MP: 3/3
  1781 | D:2      | Found a faded altar of an unknown god.
  2375 | D:3      | Reached XP level 4. HP: 14/32 MP: 4/4
  2721 | D:3      | Noticed a necrophage
  2722 | D:3      | Reached skill level 1 in Staves
  2729 | D:3      | Killed a necrophage
  2730 | D:3      | Reached skill level 2 in Staves
  2730 | D:3      | Reached XP level 5. HP: 23/39 MP: 5/5
  3497 | D:4      | Noticed a yak
  3499 | D:4      | Noticed a yak
  3500 | D:4      | Noticed a yak
  3508 | D:4      | Noticed a yak
  3508 | D:4      | Noticed a yak
  3510 | D:4      | Noticed a yak
  4005 | D:4      | Killed a yak
  4006 | D:4      | Reached skill level 3 in Staves
  4006 | D:4      | Reached XP level 6. HP: 7/47 MP: 6/6
  4537 | D:4      | Found a bloodstained altar of Trog.
  4673 | D:4      | Found a shimmering blue altar of Sif Muna.
  4737 | D:4      | Identified the +1 robe of the Flute {Fly Int+3}
  5925 | D:5      | Entered Level 5 of the Dungeon
  5951 | D:4      | Reached XP level 7. HP: 27/52 MP: 7/7
  6720 | D:4      | Killed a yak
  6721 | D:4      | Reached skill level 4 in Staves
  6762 | D:4      | Killed a yak
  7455 | D:4      | Reached XP level 8. HP: 18/61 MP: 8/8
  8041 | D:5      | Found a staircase to the Ecumenical Temple.
  8054 | Temple   | Entered the Ecumenical Temple
  8202 | Temple   | Became a worshipper of Ashenzari the Shackled
  8272 | D:5      | Reached skill level 5 in Fighting
  8628 | D:5      | Reached skill level 5 in Staves
  8628 | D:5      | Reached skill level 5 in Dodging
  9434 | D:6      | Reached skill level 5 in Evocations
  9437 | D:6      | Reached XP level 9. HP: 64/68 MP: 9/9
  9524 | D:6      | Noticed Edmund
  9539 | D:6      | Killed Edmund
  9546 | D:6      | Noticed Sigmund
  9551 | D:6      | Killed Sigmund
  9552 | D:6      | Reached skill level 6 in Staves
  9662 | D:6      | Found Inicimega's Book Shoppe.
  9956 | D:6      | Found an iron altar of Okawaru.
 10530 | D:7      | Reached skill level 7 in Staves
 10892 | D:7      | Found a basalt altar of Yredelemnul.
 11313 | D:8      | Noticed Prince Ribbit
 11335 | D:8      | Killed Prince Ribbit
 11336 | D:8      | Reached skill level 8 in Staves
 11336 | D:8      | Reached XP level 10. HP: 41/76 MP: 10/10
 11788 | D:8      | Noticed a green ugly thing
 12261 | D:8      | Reached skill level 9 in Staves
 12459 | D:8      | Found a staircase to the Lair.
 12574 | D:8      | Noticed a two-headed ogre
 12584 | D:8      | Killed a two-headed ogre
 12595 | D:8      | Reached skill level 10 in Staves
 12849 | D:8      | Killed a green ugly thing
 12853 | D:8      | HP: 3/77 [poisoned by a green ugly thing]
 12854 | D:8      | Succumbed to a green ugly thing's poison

Illustrated notes

Levels and vault maps discovered:
D:1:      matt_arrival_debris, layout_basic, serial_shops, nicolae_square_shop
D:2:      layout_loops_ring, ebering_ecumenical_altar_petrified
D:3:      layout_loops_ring
D:4:      layout_loops_ring, marbit_many_paths, nicolae_overflow_crystal_walls
D:5:      layout_rooms, minmay_temple_entry_grid, lexackson_kobold_supper
D:6:      layout_cave_pods, okawaru_metal_pillars_3, serial_shops, shop,
          hangedman_decor_opposing, uniq_sigmund, uniq_edmund
D:7:      layout_loops_cross, kennysheep_mini, amcnicky_mini_corridor_feature,
          minmay_misc_feat_columns
D:8:      minmay_recursive_quarters, layout_basic, lair_entry_dummy,
          uniq_prince_ribbit1
Temple:   nicolae_temple_elliptical

Skill      XL: |  1  2  3  4  5  6  7  8  9 10 |
---------------+-------------------------------+-----
Staves         | 2 3 4 5 8 10 | 10.3
Fighting       | 2 3 4 5 6 |  6.7
Dodging        | 2 3 4 5 6 7 |  7.0
Evocations     | 4 5 6 |  6.5
Armour         | |  2.0
Stealth        | |  1.0

Action                   |  1- 3 |  4- 6 |  7- 9 | 10-12 || total
-------------------------+-------+-------+-------+-------++-------
Melee: Falchion          |    12 |       |       |       ||    12
       Quarterstaff      |    86 |   159 |   171 |       ||   416
       Lajatang          |       |       |    97 |    99 ||   196
Invok: Curse Item        |       |       |     1 |       ||     1
Evoke: Wand              |     4 |    20 |     6 |     1 ||    31
       Piece from Xom's  |       |     1 |    12 |       ||    13
  Use: Scroll            |     6 |     6 |     4 |     3 ||    19
       Potion            |       |     1 |     2 |     1 ||     4
 Stab: Sleeping          |     2 |     4 |     3 |       ||     9
       Petrified         |       |     5 |       |       ||     5
       Confused          |       |       |     2 |       ||     2
       Paralysed         |       |       |     5 |       ||     5
       Distracted        |       |       |     1 |       ||     1
Armor: Leather armour    |    33 |    18 |       |       ||    51
       Robe              |       |    23 |    61 |    23 ||   107
       Ring mail         |       |     7 |       |       ||     7
Dodge: Dodged            |    73 |   132 |   177 |    92 ||   474
       Rpst.: Falchion   |     8 |       |       |       ||     8
